 Dungeon Sprint DCSS version 0.31.0-1-g2c135a0 (webtiles) character file.

Game seed: 17390753445395785808

1060 PurpleRed the Destroyer (level 8, -7/49 HPs)
             Began as a Deep Elf Conjurer on Mar 10, 2024.
             Was a Believer of Sif Muna.
             Shot with a bolt by a yaktaur captain (29 damage)
             ... in the Dungeon (Sprint II: "The Violet Keep of Menkaure").
             The game lasted 00:10:45 (843 turns).

PurpleRed the Destroyer (Deep Elf Conjurer)          Turns: 843, Time: 00:10:46

Health: -7/49      AC:  2    Str:  4    XL:     8   Next: 6%
Magic:  15/26      EV: 12    Int: 26    God:    Sif Muna [**....]
Gold:   366        SH:  0    Dex: 13    Spells: 21/32 levels left

rFire   . . .        e - +0 trident
rCold   . . .        (no shield)
rNeg    . . .        a - +0 robe
rPois   .            (no helmet)
rElec   .            (no cloak)
rCorr   .            (no gloves)
SInv    .            (no boots)
Will    .....        (no amulet)
Stlth   ++           (no ring)
HPRegen 0.28/turn    (no ring)
MPRegen 0.20/turn

%: no teleportation
@: no status effects
A: subdued magic 1
a: Renounce Religion, Channel Magic


You were in the Dungeon.
You worshipped Sif Muna.
Sif Muna was pleased with you.
You visited 1 branch You collected 486 gold pieces.
You spent 120 gold pieces at shops.

Inventory:

Hand Weapons
 e - a +0 trident (weapon)
Armour
 a - a +0 robe (worn)
Scrolls
 g - a scroll of blinking
Potions
 b - 2 potions of magic
 c - a potion of curing


   Skills:
 + Level 5.2 Fighting
 - Level 2.4 Dodging
 - Level 2.4 Stealth
 + Level 12.6 Spellcasting
 * Level 14.5 Conjurations
 + Level 4.2 Invocations


You had 21 spell levels left.
You knew the following spells:

 Your Spells              Type           Power      Damage    Failure   Level
a - Magic Dart            Conj           100%       1d8       0%          1
b - Searing Ray           Conj           100%       2d8       0%          2
c - Fulminant Prism       Conj/Alch      20%        3d12      1%          4
d - Iskenderun's Mystic   Conj/Tloc      41%        2d9       1%          4

Your spell library contained the following spells:

 Spells                   Type           Power      Damage    Failure   Level


Dungeon Overview and Level Annotations

Branches:
Dungeon (1/1)

Altars:
Cheibriados
Dithmenos
Elyvilon
Fedhas
Gozag
Hepliaklqana
Kikubaaqudgha
Makhleb
Nemelex Xobeh
Okawaru
Qazlal
Ru
Sif Muna
Trog
Uskayaw
Vehumet
Wu Jian
Xom
Yredelemnul
Zin
The Shining One
Jiyva
Lugonu

Shops:
D :[([?((!!==[!:(

Annotations:
D exclusion: oklob plant


Innate Abilities, Weirdness & Mutations

Your spells are a little easier to cast, but a little less powerful.


Message History

You have reached level 8!
You feel clever.
You start resting.
A yaktaur captain comes into view.
There is an open door here.
Magic courses through your body.
The yaktaur captain wields a +0 arbalest.
The yaktaur captain shoots a bolt.
The bolt closely misses you.
You close the door.
A yaktaur captain opens the door.
The yaktaur captain unwields a +0 arbalest.
The yaktaur captain hits you!!
Ouch! That really hurt!
There is an open door, spattered with blood here.
You feel much better. The yaktaur captain hits you!!
Ouch! That really hurt!
Casting: Magic Dart (safe; 0% risk of failure)
Confirm with . or Enter, or press ? or * to list all spells.
You erupt in a blast of force!
The mystic blast hits the yaktaur captain!
The yaktaur captain is lightly wounded.
The yaktaur captain barely misses you.
Casting: Iskenderun's Mystic Blast (dangerous; 1% risk of failure)
Confirm with . or Enter, or press ? or * to list all spells.
You erupt in a blast of force!
The mystic blast hits the yaktaur captain!
The yaktaur captain is moderately wounded.
The yaktaur captain is knocked back by the mystic blast.
The yaktaur captain slams into the closed door!
The yaktaur captain is moderately wounded.
Casting: Iskenderun's Mystic Blast (dangerous; 1% risk of failure)
Confirm with . or Enter, or press ? or * to list all spells.
Aiming: Fulminant Prism (dangerous; 1% risk of failure)
Press: ? - help, Dir - move target You conjure a prism of explosive energy!
A fulminant prism comes into view.
The yaktaur captain wields a +0 arbalest.
The yaktaur captain shoots a bolt.
The bolt closely misses you.
The yaktaur captain shoots a bolt.
The bolt hits you!!
Ouch! That really hurt!
You die...

#...∩.∩..#~~~~# .#### .###
#..∩.∩...#~~~~# ...# ...#
#.⌠......#~~### ###..## #..#
#..∩.∩...#~##.# #+###.##..# +..#
#...∩.∩..#~#..###c##...#..# #..#
#....∩.∩.3~'$##'.<*'.##+..####..#
#.....∩.∩#~#.#.##.####.#....###..
▓▓▓▓▓▓▓###~##.###'###.##......~~~
#?lJ######~~####@..####~~.....~#'
#J.l#k ##~~~#..#..#~~~~~~~..~#_
#lP/+$ #†#~##...##~~~~§~~~.~#.
#$.. ? #)#~~##'##~~~§≈§~~§§~#_
#$.$ ####~~~~~~~~§~§§≈≈§§~#. ##+
#+++#+++#~§≈≈≈≈§§§#. ≈≈≈§≈
##≈§§###§§#. ≈≈°≈≈≈≈°≈##≈≈# #≈≈#.
+§§≈○≈≈≈≈§≈≈+≈§# #≈≈#.


You could see a yaktaur captain (ally target) and a friendly fulminant prism.

Vanquished Creatures
  A merfolk siren (D)
  4 neqoxecs (D)
  A vampire mosquito (D)
  2 crocodiles (D)
  3 ribbon worms (D)
11 creatures vanquished.

Vanquished Creatures (others)
  7 fulminant prisms (D)
7 creatures vanquished.

Grand Total: 18 creatures vanquished

Notes
Turn   | Place    | Note
-------+----------+-------------------------------------------
     0 | D        | PurpleRed the Deep Elf Conjurer began the quest for the
                  | Orb.
     0 | D        | Reached XP level 1. HP: 10/10 MP: 6/6
    22 | D        | Reached skill level 1 in Fighting
    22 | D        | Reached skill level 5 in Conjurations
    77 | D        | Noticed a crocodile
    78 | D        | Reached XP level 2. HP: 12/16 MP: 0/9
    84 | D        | Learned a level 2 spell: Searing Ray
   158 | D        | Found an iron altar of Okawaru.
   158 | D        | Found an opulent altar of Gozag.
   159 | D        | Found a sparkling altar of Nemelex Xobeh.
   159 | D        | Found a blossoming altar of Fedhas.
   160 | D        | Found a radiant altar of Vehumet.
   160 | D        | Found a burning altar of Makhleb.
   160 | D        | Found a white marble altar of Elyvilon.
   161 | D        | Found a hide-covered altar of Uskayaw.
   161 | D        | Found a corrupted altar of Lugonu.
   161 | D        | Found a shadowy altar of Dithmenos.
   162 | D        | Found a glowing silver altar of Zin.
   162 | D        | Found a bloodstained altar of Trog.
   162 | D        | Found an ancient bone altar of Kikubaaqudgha.
   163 | D        | Found a basalt altar of Yredelemnul.
   163 | D        | Found a shimmering blue altar of Sif Muna.
   163 | D        | Found a viscous altar of Jiyva.
   164 | D        | Found a shimmering altar of Xom.
   164 | D        | Found a sacrificial altar of Ru.
   166 | D        | Found a glowing golden altar of the Shining One.
   166 | D        | Found an ornate altar of the Wu Jian Council.
   166 | D        | Found a stormy altar of Qazlal.
   166 | D        | Found a snail-covered altar of Cheibriados.
   166 | D        | Found a hazy altar of Hepliaklqana.
   167 | D        | Killed a crocodile
   170 | D        | Noticed a crocodile
   171 | D        | Noticed a crocodile
   173 | D        | Became a worshipper of Sif Muna the Loreminder
   192 | D        | Noticed a lava snake
   194 | D        | Noticed a lava snake
   194 | D        | Noticed a lava snake
   195 | D        | Found Vackif's Antique Weapon Shop.
   196 | D        | Found Qogusein's Book Boutique.
   197 | D        | Found Jilelue's Antique Armour Boutique.
   197 | D        | Found Kytuet's Jewellery Shop.
   198 | D        | Found Jiecum's Distillery.
   198 | D        | Found Solar's Distillery.
   199 | D        | Found Recweemu's Magic Scroll Boutique.
   199 | D        | Found Ipayhuosm's Weapon Shop.
   200 | D        | Found Cafoefun's Antique Weapon Shop.
   200 | D        | Found Kafy's Antique Armour Boutique.
   200 | D        | Found Yliwynk's Jewellery Shop.
   200 | D        | Found Iko Hin's Armour Boutique.
   200 | D        | Noticed a crocodile
   201 | D        | Found Ajichoce's Distillery.
   201 | D        | Found Nahen's Weapon Boutique.
   203 | D        | Noticed a crocodile
   203 | D        | Noticed a crocodile
   203 | D        | Noticed a crocodile
   203 | D        | Noticed an oklob plant
   205 | D        | Found Reada Suc's Book Shoppe.
   211 | D        | Noticed a slime creature
   211 | D        | Noticed a slime creature
   212 | D        | Noticed a slime creature
   218 | D        | Noticed a wyvern
   220 | D        | Noticed a wyvern
   233 | D        | Bought a potion of haste for 120 gold pieces
   252 | D        | Killed a crocodile
   253 | D        | Reached skill level 8 in Conjurations
   253 | D        | Reached XP level 3. HP: 23/23 MP: 1/12
   253 | D        | Reached XP level 4. HP: 28/28 MP: 1/14
   357 | D        | Learned a level 4 spell: Fulminant Prism
   362 | D        | Learned a level 4 spell: Iskenderun's Mystic Blast
   373 | D        | Noticed a vampire mosquito
   376 | D        | Killed a vampire mosquito
   377 | D        | Reached skill level 10 in Conjurations
   377 | D        | Reached XP level 5. HP: 33/33 MP: 2/18
   561 | D        | Noticed a merfolk siren
   570 | D        | Killed a merfolk siren
   570 | D        | Reached * piety under Sif Muna
   571 | D        | Reached skill level 13 in Conjurations
   571 | D        | Reached XP level 6. HP: 38/38 MP: 3/22
   571 | D        | Reached XP level 7. HP: 43/43 MP: 3/24
   690 | D        | Noticed a neqoxec
   697 | D        | Killed a neqoxec
   745 | D        | Noticed a neqoxec
   750 | D        | Gained mutation: Your spells are a little easier to cast,
                  | but a little less powerful. [a neqoxec]
   750 | D        | Killed a neqoxec
   751 | D        | Reached skill level 14 in Conjurations
   807 | D        | Noticed a neqoxec
   814 | D        | Killed a neqoxec
   814 | D        | Reached ** piety under Sif Muna
   815 | D        | Reached skill level 5 in Fighting
   815 | D        | Noticed a neqoxec
   829 | D        | Killed a neqoxec
   830 | D        | Reached XP level 8. HP: 49/49 MP: 3/26
   833 | D        | Noticed a yaktaur captain
   843 | D        | Shot with a bolt by a yaktaur captain

Illustrated notes

Levels and vault maps discovered:
D:        the_violet_keep_of_menkaure [sprint2_stairs_cluster_1,
          sprint2_shoproom, sprint2_temple, sprint2_basic_supplies,
          sprint2_obstacle_5, sprint2_obstacle_1, sprint2_obstacle_4,
          sprint2_obstacle_6, sprint2_obstacle_2, sprint2_timed_cluster_1,
          sprint2_smallroom_cluster_1, sprint2_smallroom_final_cluster_1,
          sprint2_transparent_cluster_1, sprint2_second_timed_cluster_1,
          sprint2_sniper_area_1, sprint2_heavy_combat_area_1,
          sprint2_mutation_trap_area_1, sprint2_forest_area_1,
          sprint2_light_combat_area_1, sprint2_behind_water_1,
          sprint2_near_end_vault_1]

Skill      XL: |  1  2  3  4  5  6  7 |
---------------+----------------------+-----
Fighting       | 1 3 4 5 |  5.2
Conjurations   | 5 8 10 13 14 | 14.5
Spellcasting   | 4 6 9 11 12 | 12.6
Invocations    | 4 |  4.2
Dodging        | |  2.4
Stealth        | |  2.4

Action                     |  1- 3 |  4- 6 |  7- 9 || total
---------------------------+-------+-------+-------++-------
  Melee: Unarmed           |    12 |       |       ||    12
         Punch             |     1 |       |       ||     1
   Cast: Magic Dart        |    11 |       |     2 ||    13
         Searing Ray       |     2 |       |       ||     2
         Iskenderun's Myst |       |     4 |     6 ||    10
         Fulminant Prism   |       |     2 |     6 ||     8
    Use: Potion            |     3 |       |     2 ||     5
 Armour: Robe              |     7 |     3 |     4 ||    14
  Dodge: Dodged            |     2 |       |     3 ||     5
